 Dungeon Crawl Stone Soup version 0.29-a0-775-g4d7333d4e2 (webtiles) character file.

Game seed: 18092954557791608188

182140 freelancePsychic the Warrior (level 17, -8/205 HPs)
             Began as a Purple Draconian Monk on July 2, 2022.
             Was the Champion of Okawaru.
             Killed by the air
             ... invoked by a spriggan air mage
              (10 damage)
             ... on level 3 of the Swamp.
             The game lasted 01:19:32 (39040 turns).

freelancePsychic the Warrior (DrMo)                Turns: 39040, Time: 01:19:32

Health: -8/205     AC: 30    Str:  9    XL:     17   Next: 70%
Magic:  23/32      EV: 18    Int: 15    God:    Okawaru [******]
Gold:   3031       SH:  6    Dex: 17    Spells: 21/38 levels left

rFire   + + +      SeeInvis +     - Unarmed
rCold   + + .      Faith    .   s - +0 buckler
rNeg    + . .      Spirit   .   (body armour unavailable)
rPois   ∞          Reflect  .   U - +2 hat "Aduati" {rF++ Will+ Str-4 Dex-2}
rElec   +          Harm     .   c - scarf {rC+ rF+}
rCorr   .          Rampage  .   (gloves currently unavailable)
Will    +++..      Archmagi +   (boots currently unavailable)
Stlth   ++........              a - amulet of regeneration
HPRegen 1.24/turn               K - ring of the Mage {Wiz Archmagi}
MPRegen 0.23/turn               e - ring "Buzovvo" {rC+ Dex+3 SInv}

@: statue-form, very slow
A: slow and powerful, torment resistance 1, boosted hp, (breathe power), AC +9,
unfitting armour, cold-blooded, talons 1, weak 1, wild magic 1
a: End Transformation, Renounce Religion, Heroism, Finesse, Duel


You were on level 3 of the Swamp.
You worshipped Okawaru.
Okawaru was exalted by your worship.
You were a living statue of rough stone.
You visited 6 branches of the dungeon, and saw 31 of its levels.
You also visited: Trove and Ice Cave.

You collected 3508 gold pieces.
You spent 477 gold pieces at shops.

Inventory:

Missiles
 J - a throwing net
Armour
 c - a scarf of resistance (worn)
 g - the +3 crown of Dyrovepreva {rElec Int+2 SInv}
   (Okawaru gifted it to you on level 1 of the Orcish Mines)

   Int:       It affects your intelligence (+2).
   rElec:     It insulates you from electricity.
   SInv:      It lets you see invisible.
 s - a +0 buckler (worn)
 B - a +0 tower shield
 F - a +2 pair of gloves (melded)
 P - a +2 pair of boots (melded)
 U - the +2 hat "Aduati" (worn) {rF++ Will+ Str-4 Dex-2}
   (You found it in a treasure trove)

   Str:       It affects your strength (-4).
   Dex:       It affects your dexterity (-2).
   rF:        It greatly protects you from fire.
   Will:      It increases your willpower.
 W - an orb of wrath
 Y - the +0 pair of fencer's gloves {Riposte Dex+3}
   (You found it in a treasure trove)

   It allows the wearer to riposte with melee weapons, swiftly retaliating
   against missed or blocked attacks.
   Dex:       It affects your dexterity (+3).
Jewellery
 a - an amulet of regeneration (around neck)
 e - the ring "Buzovvo" (right fist) {rC+ Dex+3 SInv}
   (You took it off a wizard on level 12 of the Dungeon)

   [ring of see invisible]

   Dex:       It affects your dexterity (+3).
   rC:        It protects you from cold.
   SInv:      It lets you see invisible.
 D - a ring of flight
 K - the ring of the Mage (left fist) {Wiz Archmagi}
   (You found it on level 6 of the Lair of Beasts)

   [ring of wizardry]

   It improves your spell success rate.
   Archmagi:  It increases the power of your magical spells.
 N - a +4 ring of evasion
 O - a ring of protection from cold
 T - a ring of protection from fire
Wands
 f - a wand of mindburst (6)
 t - a wand of polymorph (6)
 C - a wand of iceblast (23)
 E - a wand of flame (45)
 G - a wand of digging (17)
 S - a wand of acid (24)
Scrolls
 h - 8 scrolls of fog
 k - 5 scrolls of amnesia
 m - 5 scrolls of noise
 n - 5 scrolls of poison
 o - 6 scrolls of teleportation {@r4}
 p - 4 scrolls of magic mapping
 v - 2 scrolls of silence
 w - a scroll of fear
 y - 5 scrolls of vulnerability
 I - 5 scrolls of blinking
 Q - 7 scrolls of enchant armour
 V - 2 scrolls of immolation
Potions
 b - a potion of might
 d - 7 potions of flight
 i - 12 potions of curing {@q1}
 j - 3 potions of lignification
 q - 2 potions of resistance
 r - 3 potions of mutation
 u - 8 potions of brilliance
 z - 4 potions of magic
 A - a potion of invisibility
 M - 3 potions of berserk rage
 R - 8 potions of cancellation
 X - a potion of attraction
 Z - 3 potions of haste {@q3}
Miscellaneous
 l - a box of beasts
 H - a lightning rod (4/4)
 L - a phial of floods


   Skills:
 + Level 16.0 Fighting
 - Level 3.4 Maces & Flails
 + Level 11.5 Dodging
 - Level 1.7 Stealth
 * Level 5.6 Shields
 + Level 14.5 Unarmed Combat
 - Level 11.3 Spellcasting
 - Level 12.1 Transmutations
 - Level 11.6 Earth Magic
 - Level 9.7 Poison Magic
 - Level 4.6 Invocations
 - Level 5.2 Evocations


You had 21 spell levels left.
You knew the following spells:

 Your Spells              Type           Power      Damage    Failure   Level
a - Statue Form           Tmut/Erth      48%        N/A       8%          6
b - Lee's Rapid Deconstr  Erth           35%        3d19*     1%          5
c - Eringya's Noxious Bo  Tmut/Pois      34%        N/A       11%         6

Your spell library contained the following spells:

 Spells                   Type           Power      Damage    Failure   Level
 Beastly Appendage        Tmut           100%       N/A       1%          1
 Petrify                  Tmut/Erth      72%        N/A       1%          4
 Alistair's Intoxication  Tmut/Pois      46%        N/A       2%          5
 Ice Form                 Ice/Tmut       51%        N/A       5%          4
 Freeze                   Ice            64%        1d8       6%          1
 Magic Dart               Conj           64%        1d6       6%          1
 Leda's Liquefaction      Hex/Erth       25%        N/A       6%          4
 Blink                    Tloc           32%        N/A       9%          2
 Static Discharge         Conj/Air       16%        3-5/arc   9%          2
 Yara's Violent Unravell  Hex/Tmut       25%        3d11      13%         5
 Corpse Rot               Necr/Pois/Air  35%        N/A       16%         4
 Frozen Ramparts          Ice            32%        1d5       17%         3
 Portal Projectile        Hex/Tloc       32%        N/A       17%         3
 Dragon Form              Tmut           36%        N/A       30%         7
 Cause Fear               Hex            8%         N/A       45%         4
 Fulminant Prism          Conj/Hex       8%         3d7       45%         4
 Hailstorm                Conj/Ice       16%        3d6       45%         4
 Iskenderun's Mystic Bla  Conj/Tloc      16%        2d5       45%         4
 Lightning Bolt           Conj/Air       8%         1d20      77%         5
 Manifold Assault         Tloc           16%        N/A       77%         5
 Metabolic Englaciation   Hex/Ice        8%         N/A       77%         5
 Storm Form               Tmut/Air       25%        N/A       96%         7
 Lehudib's Crystal Spear  Conj/Erth      25%        10d7      100%        8
 Maxwell's Capacitive Co  Air            8%         ∞         100%        8
 Summon Small Mammal      Summ           Unusable   N/A       N/A         1
 Call Imp                 Summ           Unusable   N/A       N/A         2
 Call Canine Familiar     Summ           Unusable   N/A       N/A         3
 Summon Guardian Golem    Hex/Summ       Unusable   N/A       N/A         3
 Summon Ice Beast         Ice/Summ       Unusable   N/A       N/A         4
 Summon Forest            Summ/Tloc      Unusable   N/A       N/A         5
 Summon Hydra             Summ           Unusable   N/A       N/A         7
 Dragon's Call            Summ           Unusable   N/A       N/A         9

Dungeon Overview and Level Annotations

Branches:
Dungeon (15/15)            Temple (0/1) D:4            Lair (6/6) D:8
  Swamp (4/4) Lair:4       Spider (1/4) Lair:4        Slime (0/5) Lair:6
    Orc (2/2) D:12            Elf (3/3) Orc:2        Vaults (0/5) D:14
 Depths (0/4) D:15          IceCv (visited)

Altars:
Ashenzari
Cheibriados
Dithmenos
Elyvilon
Fedhas
Hepliaklqana
Nemelex Xobeh
Okawaru
Ru
Trog
Vehumet
Wu Jian
Xom
Yredelemnul
Zin
Beogh
Jiyva
Lugonu

Shops:
D:10 [   Orc:2 *[([   Elf:1 *   Elf:2 *

Portals:
Abyss: D:3 Lair:6

Annotations:
D:3 2 transporters, EyeSee2020's ghost, amateur HOFi
D:14 1 runed translucent door, delverdan's ghost, journeyman TrAr
Elf:2 3 runed translucent doors


Innate Abilities, Weirdness & Mutations

You are a living statue of rough stone.
Your actions are slow, but your melee attacks are powerful.
You are resistant to unholy torment.
Your maximum health is greatly increased.
You are immune to poison.
Your equipment is partially melded.
((You can breathe bolts of dispelling energy.))
((Your rich purple scales are hard. (AC +9)))
You cannot fit into any form of body armour.
You are cold-blooded and may be slowed by cold attacks.
You have sharp toenails.
You are weak. (Str -2)
Your spells are a little harder to cast, but a little more powerful.


Message History

You tail-slap the spriggan air mage, but do no damage.
The spriggan air mage is severely wounded.
The spriggan air mage hits you but does no damage.
You miss the spriggan air mage.
Your tail-slap misses the spriggan air mage.
The spriggan air mage is severely wounded.
The spriggan air mage waves its arms in wide circles.
The air twists around and strikes you!!
* * * LOW HITPOINT WARNING * * *
The spriggan air mage hits you but does no damage.
You miss the spriggan air mage. Your kick misses the spriggan air mage.
The spriggan air mage is severely wounded.
The spriggan air mage gestures at you while chanting.
The bolt of lightning misses you.
You miss the spriggan air mage. Your kick misses the spriggan air mage.
The spriggan air mage is heavily wounded.
The spriggan air mage barely misses you.
You barely miss the spriggan air mage.
Your tail-slap misses the spriggan air mage.
The spriggan air mage is heavily wounded.
The spriggan air mage hits you but does no damage.
You closely miss the spriggan air mage.
The spriggan air mage is heavily wounded.
You block the spriggan air mage's attack.
You closely miss the spriggan air mage. You tail-slap the spriggan air mage.
The spriggan air mage is heavily wounded.
The spriggan air mage waves its arms in wide circles.
The air twists around and strikes you.
You punch the spriggan air mage! Your kick misses the spriggan air mage.
The spriggan air mage is almost dead.
The spriggan air mage waves its arms in wide circles.
The air twists around and strikes you!!
* * * LOW HITPOINT WARNING * * *
You feel better.
The spriggan air mage waves its arms in wide circles.
The air twists around and strikes you!
* * * LOW HITPOINT WARNING * * *
The spriggan air mage waves its arms in wide circles.
The air twists around and strikes you!
You die...

≈♣♣♣♣ ≈..≈♣♣ ♣♣ ♣♣♣
≈≈≈..♣♣♣♣♣≈♣♣♣♣♣.♣
≈≈≈≈≈../.......≈♣♣
≈≈≈§≈≈≈.≈≈≈≈≈≈≈.♣♣
♣.≈§≈≈≈≈≈≈≈≈≈≈§≈≈♣
♣♣..≈≈≈≈≈≈≈≈≈≈≈.♣♣
♣.≈≈≈≈≈≈≈≈≈≈≈≈≈≈♣
♣.≈≈≈≈≈..≈≈≈≈≈§8♣♣
♣♣♣≈.....≈≈≈≈≈..i♣♣
♣♣♣♣♣≈.....§§...♣♣♣
♣♣♣♣♣
♣♣.........≈≈≈♣
♣...♣♣
♣.≈≈..≈≈.≈≈..♣
♣♣...≈♣
♣≈≈≈≈≈≈≈≈≈≈.♣♣
♣...♣♣♣
♣≈≈≈≈§≈≈≈.♣♣♣
≈≈...♣♣♣♣≈).≈.≈≈♣♣♣
..≈..♣♣≈≈≈≈≈.§..♣


You could see a spriggan air mage (repels missiles).

Vanquished Creatures
  Rupert (D:14)
  Gastronok (Lair:2)
  A thorn hunter (Swamp:3)
  Donald (Spider:1)
  4 deep elf sorcerers
  An emperor scorpion (Spider:1)
  2 orc warlords (Orc:2)
  A ghost moth (Spider:1)
  A deep elf elementalist (Elf:3)
  A broodmother (Spider:1)
  3 bunyips
  3 eleionomae
  A spark wasp (Spider:1)
  Josephine (D:14)
  Fannar (D:11)
  A shambling mangrove (Swamp:2)
  2 ironbound frosthearts (IceCv)
  4 boulder beetles
  19 hydras
  Erolcha (D:11)
  A jorogumo (Spider:1)
  9 centaur warriors
  2 two-headed ogres
  Erica (D:11)
  12 alligators
  A spriggan berserker (Swamp:4)
  11 death yaks
  An orc high priest (Orc:2)
  A large abomination (Lair:6)
  9 dancing weapons
  A vampire mage (D:15)
  8 deep elf knights
  2 thrashing horrors (Lair:6)
  A pharaoh ant (Spider:1)
  A death drake (Swamp:3)
  A fire crab (shapeshifter) (D:14)
  A fire crab (Lair:6)
  A sun moth (Spider:1)
  5 goliath frogs
  3 orb spiders (Spider:1)
  9 swamp dragons
  2 skeletal warriors (D:15)
  2 spriggan druids (Swamp:2)
  4 bog bodies
  A golden dragon skeleton (D:15)
  6 deep elf archers
  2 wizards
  16 deep elf zephyrmancers
  A tengu zombie (D:15)
  21 deep elf pyromancers
  A lindwurm (Lair:4)
  3 orc knights
  A necromancer (D:15)
  A fire giant zombie (D:15)
  4 will-o-the-wisps
  12 ugly things
  A wolf spider (Spider:1)
  5 cyclopes
  5 manticores
  6 orc sorcerers (Orc:2)
  Maurice (D:9)
  10 elephants
  A torpor snail (Lair:2)
  An ice statue (IceCv)
  13 cane toads
  4 black mambas
  3 smoke demons (Lair:6)
  2 demonic crawlers (Spider:1)
  A kobold demonologist (D:12)
  6 rime drakes
  3 gargoyles
  An unseen horror (shapeshifter) (D:14)
  4 unseen horrors
  3 tengu conjurers
  An efreet (D:15)
  A freezing wraith (D:14)
  An ancient zyme (Lair:6)
  8 komodo dragons
  A bloated husk (Swamp:4)
  7 trolls
  5 hornets
  A tarantella (Spider:1)
  11 tyrant leeches
  13 polar bears
  Grinder (D:3)
  A hornet (shapeshifter) (Elf:2)
  7 dream sheep (Lair:6)
  16 blink frogs
  12 slime creatures
  3 spriggans
  3 air elementals
  A centaur simulacrum (D:12)
  2 vampires
  6 jumping spiders (Spider:1)
  A culicivora (shapeshifter) (D:15)
  8 wraiths
  4 wyverns
  A ynoxinul (Lair:6)
  61 yaks
  A fire elemental (Elf:1)
  3 basilisks
  4 culicivoras (Spider:1)
  3 chaos spawn (Lair:6)
  8 small abominations (Lair:6)
  3 steam dragons
  5 redbacks (Spider:1)
  18 vampire mosquitoes
  8 wargs
  20 swamp worms
  Duvessa (D:6)
  18 water moccasins
  3 acid dragons
  28 orc warriors
  2 swamp drakes
  3 ice beasts
  3 black bears
  4 ogres
  22 wolves
  6 boggarts (D:15)
  19 centaurs
  2 kobold brigands (D:9)
  15 bullfrogs
  A necrophage (D:8)
  3 earth elementals
  3 scorpions
  13 wights
  Dowan (D:6)
  3 howler monkeys
  2 vampire bats (Orc:2)
  An electric eel (Lair:2)
  2 hounds
  2 jellies
  Crazy Yiuf (D:3)
  17 orc priests
  Ijyb (D:5)
  An iguana (D:6)
  21 orc wizards
  Natasha (D:2)
  7 gnolls
  13 adders
  2 white imps (D:6)
  An ufetubus (D:4)
  3 dart slugs
  A worm (D:5)
  91 orcs
  6 ball pythons
  13 bats
  7 endoplasms
  A giant cockroach (D:1)
  8 goblins
  6 hobgoblins
  4 jackals (D:2)
  7 kobolds
  2 quokkas
  4 frilled lizards
  4 rats
  2 briar patches (Swamp:4)
908 creatures vanquished.

Vanquished Creatures (others)
  3 deep elf knights
  A deep elf zephyrmancer (Elf:2)
  2 deep elf pyromancers (Elf:1)
  3 bloated husks
  A spriggan skeleton (D:15)
  2 vampire mosquitoes (Swamp:3)
  An orc priest (Orc:2)
  An orc wizard (Orc:2)
  An orc (D:5)
  A briar patch (Swamp:4)
  20 foxfires
  21 fungi
  37 plants
  13 withered plants (D:15)
107 creatures vanquished.

Grand Total: 1015 creatures vanquished

Notes
Turn   | Place    | Note
-------+----------+-------------------------------------------
     0 | D:1      | freelancePsychic the Draconian Monk began the quest for the
                  | Orb.
     0 | D:1      | Reached XP level 1. HP: 19/19 MP: 1/1
   215 | D:1      | Reached XP level 2. HP: 24/26 MP: 2/2
   830 | D:1      | Found a faded altar of an unknown god.
  1058 | D:2      | Reached skill level 1 in Unarmed Combat
  1058 | D:2      | Reached XP level 3. HP: 13/33 MP: 3/3
  1487 | D:2      | Reached skill level 4 in Fighting
  2017 | D:2      | Noticed Natasha
  2030 | D:2      | Killed Natasha
  2031 | D:2      | Reached XP level 4. HP: 28/41 MP: 4/4
  2381 | D:3      | Found a one-way gate to the infinite horrors of the Abyss.
  2381 | D:3      | Noticed EyeSee2020's ghost (amateur HOFi)
  2405 | D:3      | Noticed Grinder
  2406 | D:3      | Paralysed by Grinder for 5 turns
  2496 | D:3      | Found a transporter.
  2510 | D:3      | Found a runed translucent door.
  2511 | D:3      | Noticed Crazy Yiuf
  2534 | D:3      | Found a transporter.
  2641 | D:3      | Killed Grinder
  2642 | D:3      | Reached skill level 5 in Fighting
  2642 | D:3      | Reached XP level 5. HP: 23/50 MP: 3/5
  2642 | D:3      | Reached XP level 6. HP: 26/57 MP: 3/6
  2851 | D:3      | Found a sacrificial altar of Ru.
  3332 | D:3      | Reached skill level 6 in Fighting
  3393 | D:3      | Killed Crazy Yiuf
  3663 | D:4      | Your scales start taking on a rich purple colour.
  3663 | D:4      | Reached XP level 7. HP: 24/64 MP: 4/7
  3873 | D:4      | Found an iron altar of Okawaru.
  3910 | D:4      | Became a worshipper of Warmaster Okawaru
  3910 | D:4      | Reached * piety under Okawaru
  3910 | D:4      | Reached ** piety under Okawaru
  4109 | D:4      | Reached skill level 5 in Unarmed Combat
  4194 | D:4      | Reached skill level 1 in Invocations
  4400 | D:4      | Found a staircase to the Ecumenical Temple.
  4839 | D:5      | Entered Level 5 of the Dungeon
  5259 | D:5      | Reached skill level 7 in Fighting
  5583 | D:5      | Noticed Ijyb
  5586 | D:5      | Killed Ijyb
  5791 | D:5      | Reached XP level 8. HP: 73/73 MP: 9/9
  6156 | D:6      | Found a snail-covered altar of Cheibriados.
  6764 | D:6      | Noticed Dowan
  6806 | D:6      | Reached skill level 8 in Fighting
  6818 | D:6      | Reached *** piety under Okawaru
  6819 | D:6      | Reached XP level 9. HP: 28/81 MP: 3/12
  7168 | D:6      | Reached skill level 1 in Evocations
  7293 | D:6      | Noticed Duvessa
  7318 | D:6      | Killed Duvessa
  7320 | D:6      | Killed Dowan
  7418 | D:6      | Found a basalt altar of Yredelemnul.
  7663 | D:6      | Found a blossoming altar of Fedhas.
  7734 | D:6      | Found a shimmering altar of Xom.
  7735 | D:6      | Found a hazy altar of Hepliaklqana.
  7736 | D:6      | Noticed a spectral ugly thing
  7879 | D:7      | Noticed a troll
  7886 | D:7      | Killed a troll
  7887 | D:7      | Reached skill level 9 in Fighting
  8107 | D:7      | Reached **** piety under Okawaru
  8557 | D:7      | Found a radiant altar of Vehumet.
  8896 | D:7      | Identified a scroll of acquirement
  8897 | D:7      | Acquired a ring of wizardry
  8902 | D:8      | Noticed a two-headed ogre
  8939 | D:8      | Reached skill level 10 in Unarmed Combat
  8955 | D:8      | Killed a two-headed ogre
  8956 | D:8      | Reached XP level 10. HP: 79/92 MP: 9/13
  9151 | D:8      | Reached ***** piety under Okawaru
  9152 | D:8      | Reached skill level 5 in Evocations
  9319 | D:8      | Found a staircase to the Lair.
  9888 | D:9      | Reached skill level 10 in Fighting
  9951 | D:9      | Found a glowing silver altar of Zin.
  9997 | D:9      | Reached skill level 1 in Transmutations
  9997 | D:9      | Reached skill level 1 in Earth Magic
 10444 | D:9      | Found a sparkling altar of Nemelex Xobeh.
 10473 | D:9      | Found a broken altar of Ashenzari.
 10568 | D:9      | Noticed Maurice
 10578 | D:9      | Killed Maurice
 10616 | D:9      | Found a white marble altar of Elyvilon.
 10879 | D:10     | Entered Level 10 of the Dungeon
 10938 | D:10     | Found Wizat's Antique Armour Emporium.
 11261 | D:10     | Noticed a manticore
 11278 | D:10     | Killed a manticore
 11447 | D:10     | Reached XP level 11. HP: 70/101 MP: 9/14
 11881 | D:10     | Found a shadowy altar of Dithmenos.
 11881 | D:10     | You fall into a shaft and drop 2 floors!
 11881 | D:12     | Found a portal to a secret trove of treasure.
 11888 | D:12     | You paid a toll of 4 scrolls of fear to enter a treasure
                  | trove
 11889 | Trove    | Entered a treasure trove
 11894 | Trove    | Found the +0 pair of fencer's gloves {Riposte Dex+3}
 11896 | Trove    | Identified the +2 hat "Aduati" {rF++ Will+ Str-4 Dex-2}
 11898 | Trove    | Identified the +1 pair of boots of the Moon {rElec rCorr}
 11900 | Trove    | Identified the ring "Kypn" {rF+ Int+3 Dex-5 SInv}
 11913 | Trove    | Identified the ring "Turith" {rC+ MP+9}
 12074 | D:12     | Noticed a centaur warrior
 12104 | D:11     | Reached skill level 5 in Dodging
 12278 | D:11     | Noticed Fannar
 12305 | D:11     | Noticed Erica
 13052 | D:10     | Bought a glowing hat for 147 gold pieces
 13222 | D:11     | Noticed a boulder beetle
 13233 | D:11     | Received a gift from Okawaru
 13236 | D:11     | Killed Erica
 13268 | D:11     | Killed Fannar
 13513 | Lair:1   | Entered Level 1 of the Lair of Beasts
 13601 | Lair:1   | Reached skill level 11 in Fighting
 15133 | Lair:2   | Noticed Gastronok
 15152 | Lair:2   | Killed Gastronok
 15309 | Lair:2   | Learned a level 6 spell: Statue Form
 15527 | Lair:2   | Reached skill level 5 in Earth Magic
 15609 | Lair:2   | Reached skill level 5 in Transmutations
 15623 | Lair:2   | Reached skill level 1 in Spellcasting
 15659 | Lair:2   | Reached XP level 12. HP: 38/110 MP: 4/15
 16275 | Lair:3   | Noticed a four-headed hydra
 16283 | Lair:3   | Killed a four-headed hydra
 16568 | Lair:3   | Identified the ring "Nitzet" {Fly rF- rC+ Int-5 Dex+8}
 17379 | Lair:3   | Identified the +6 arbalest of Ogiudwe {elec, rC+} (Okawaru
                  | gifted it to you on level 3 of the Lair of Beasts)
 17379 | Lair:3   | Received a gift from Okawaru
 17638 | Lair:4   | Found a frozen archway.
 17698 | IceCv    | Entered an ice cave
 17794 | IceCv    | Reached skill level 5 in Spellcasting
 17901 | IceCv    | Noticed a death yak
 17913 | IceCv    | Killed a death yak
 17977 | IceCv    | Reached skill level 12 in Fighting
 17984 | IceCv    | Noticed a death yak
 17985 | IceCv    | Noticed a death yak
 18010 | IceCv    | Killed a death yak
 18019 | IceCv    | Killed a death yak
 18392 | IceCv    | Reached ****** piety under Okawaru
 18510 | IceCv    | Noticed a death yak
 18510 | IceCv    | Noticed an ironbound frostheart
 18513 | IceCv    | Noticed an ironbound frostheart
 18517 | IceCv    | Killed an ironbound frostheart
 18517 | IceCv    | Received a gift from Okawaru
 18517 | IceCv    | Killed an ironbound frostheart
 18517 | IceCv    | Killed a death yak
 18518 | IceCv    | Reached XP level 13. HP: 38/118 MP: 9/23
 19318 | IceCv    | Identified the +7 chain mail "Qublyg" {rF+ rN+}
 19488 | Lair:4   | Found a hole to the Spider Nest.
 20119 | Lair:4   | Reached skill level 1 in Shields
 21136 | Lair:4   | Received a gift from Okawaru
 21488 | Lair:4   | Found a staircase to the Swamp.
 22232 | Lair:5   | Reached XP level 14. HP: 127/127 MP: 21/27
 22617 | Lair:6   | Entered Level 6 of the Lair of Beasts
 22651 | Lair:6   | Reached skill level 10 in Earth Magic
 22746 | Lair:6   | Found a viscous altar of Jiyva.
 22746 | Lair:6   | Found a staircase to the Slime Pits.
 22859 | Lair:6   | Reached skill level 10 in Transmutations
 23725 | Lair:6   | Identified the +7 dire flail "Beastbane" {vorpal, Int+4}
                  | (Okawaru gifted it to you on level 6 of the Lair of Beasts)
 23725 | Lair:6   | Received a gift from Okawaru
 23801 | Lair:6   | Found a corrupted altar of Lugonu.
 23871 | Lair:6   | Found the ring of the Mage {Wiz Archmagi}
 23966 | Lair:6   | Reached skill level 10 in Spellcasting
 23974 | Lair:6   | Learned a level 5 spell: Lee's Rapid Deconstruction
 25142 | D:11     | Noticed Erolcha
 25149 | D:11     | Killed Erolcha
 25563 | D:12     | Found a staircase to the Orcish Mines.
 25612 | D:11     | Received a gift from Okawaru
 26266 | D:12     | Identified the +2 spear "Rulut" {spect, *Noise rElec rN++
                  | rCorr}
 26269 | D:12     | Found a hazy altar of Hepliaklqana.
 26269 | D:12     | Found an ornate altar of the Wu Jian Council.
 26272 | D:12     | Found a bloodstained altar of Trog.
 26272 | D:12     | Found an ornate altar of the Wu Jian Council.
 26369 | D:12     | Identified the ring "Buzovvo" {rC+ Dex+3 SInv}
 27036 | D:13     | Reached XP level 15. HP: 134/134 MP: 28/30
 27207 | D:13     | Received a gift from Okawaru
 27816 | D:13     | Reached skill level 13 in Fighting
 28205 | D:14     | Found a runed translucent door.
 28207 | D:14     | Noticed delverdan's ghost (journeyman TrAr)
 28605 | D:14     | Noticed Rupert
 28615 | D:14     | Killed Rupert
 28696 | D:14     | Received a gift from Okawaru
 28701 | D:14     | Got the Incunabulum of Transmutation and Envenoming
 28812 | D:14     | Found a gate to the Vaults.
 28917 | D:14     | Noticed Josephine
 28926 | D:14     | Killed Josephine
 29450 | D:15     | Entered Level 15 of the Dungeon
 30349 | D:15     | Found a staircase to the Depths.
 31089 | Orc:1    | Entered Level 1 of the Orcish Mines
 31148 | Orc:1    | Received a gift from Okawaru
 31148 | Orc:1    | Found the +3 crown of Dyrovepreva {rElec Int+2 SInv}
 31404 | Orc:2    | Entered Level 2 of the Orcish Mines
 31404 | Orc:2    | Found a staircase to the Elven Halls.
 31565 | Orc:2    | Noticed an orc warlord
 31583 | Orc:2    | Killed an orc warlord
 31660 | Orc:2    | Learned a level 6 spell: Eringya's Noxious Bog
 31823 | Orc:2    | Reached skill level 1 in Poison Magic
 32002 | Orc:2    | Gained mutation: You are clumsy. (Dex -2) [mutagenic glow]
 32005 | Orc:2    | Noticed an orc warlord
 32009 | Orc:2    | Gained mutation: Your spells are a little harder to cast,
                  | but a little more powerful. [mutagenic glow]
 32011 | Orc:2    | Lost mutation: You are clumsy. (Dex -2) [potion of
                  | mutation]
 32011 | Orc:2    | Lost mutation: Your spells are a little harder to cast, but
                  | a little more powerful. [potion of mutation]
 32011 | Orc:2    | Gained mutation: Your spells are a little harder to cast,
                  | but a little more powerful. [potion of mutation]
 32011 | Orc:2    | Gained mutation: You are weak. (Str -2) [potion of
                  | mutation]
 32011 | Orc:2    | Gained mutation: You have sharp toenails. [potion of
                  | mutation]
 32016 | Orc:2    | Killed an orc warlord
 32111 | Orc:2    | Found Kosh's Antique Armour Shoppe.
 32113 | Orc:2    | Found Adwocyeg's Antique Weapon Emporium.
 32190 | Orc:2    | Found Aviraysk's Armour Shoppe.
 32266 | Orc:2    | Reached skill level 14 in Fighting
 32271 | Orc:2    | Found Hyivis's Assorted Antiques.
 32276 | Orc:2    | Bought a coppery potion for 18 gold pieces
 32276 | Orc:2    | Bought a murky coppery potion for 18 gold pieces
 32276 | Orc:2    | Bought a potion of curing for 63 gold pieces
 32276 | Orc:2    | Bought a potion of curing for 63 gold pieces
 32276 | Orc:2    | Bought a wand of iceblast (5) for 84 gold pieces
 32485 | Elf:1    | Entered Level 1 of the Elven Halls
 32498 | Elf:1    | Reached XP level 16. HP: 146/146 MP: 25/31
 32770 | Elf:1    | Received a gift from Okawaru
 32935 | Elf:1    | Reached skill level 5 in Poison Magic
 33106 | Elf:1    | Got Damout's Collected Works on Supportive Battle Magic
 33342 | Elf:1    | Paralysed by an air elemental for 1 turns
 33374 | Elf:1    | Found Rudi's Assorted Antiques.
 33689 | Elf:2    | Reached skill level 10 in Dodging
 33805 | Elf:2    | Received a gift from Okawaru
 34066 | Elf:2    | Found a runed translucent gate.
 34066 | Elf:2    | Found a runed translucent gate.
 34067 | Elf:2    | Found a runed translucent gate.
 34179 | Elf:2    | Found Peetheaji's Assorted Antiques.
 34182 | Elf:2    | Bought a scroll of identify for 42 gold pieces
 34182 | Elf:2    | Bought a scroll of identify for 42 gold pieces
 34399 | Elf:3    | Entered Level 3 of the Elven Halls
 34649 | Elf:3    | Reached skill level 15 in Fighting
 34725 | Elf:3    | Noticed a deep elf master archer
 35034 | Spider:1 | Entered Level 1 of the Spider Nest
 35246 | Spider:1 | Identified the +0 rapier of Okawaru, Disbelieving {vorpal,
                  | rElec rPois rC- Dex+2} (Okawaru gifted it to you on level 1
                  | of the Spider Nest)
 35246 | Spider:1 | Received a gift from Okawaru
 35911 | Spider:1 | Noticed Donald
 35925 | Spider:1 | Killed Donald
 36443 | Swamp:1  | Entered Level 1 of the Swamp
 36549 | Swamp:1  | Reached XP level 17. HP: 147/156 MP: 19/32
 36550 | Swamp:1  | Received a gift from Okawaru
 37646 | Swamp:2  | You fall into a shaft and drop 1 floor!
 38576 | Swamp:2  | Identified the +2 cloak "Plog" {Rampage rElec rN+} (Okawaru
                  | gifted it to you on level 2 of the Swamp)
 38576 | Swamp:2  | Received a gift from Okawaru
 38790 | Swamp:4  | Entered Level 4 of the Swamp
 38861 | Swamp:4  | Reached skill level 5 in Shields
 38878 | Swamp:4  | Reached skill level 16 in Fighting
 38890 | Swamp:4  | HP: 9/205 [spriggan berserker/+0 quarterstaff (17)]
 39039 | Swamp:3  | HP: 2/205 [spriggan air mage/the air (24)]
 39040 | Swamp:3  | Killed from afar by a spriggan air mage

Illustrated notes

Levels and vault maps discovered:
D:1:      dpeg_arrival_boxorama, layout_basic, chequers_ecumenical_altar_lobes
D:2:      layout_basic, uniq_natasha
D:3:      layout_basic, lemuel_round_altar, gammafunk_ghost_abyssal_escape,
          st_stairs_7, uniq_grinder, uniq_crazy_yiuf_cottage
D:4:      layout_loops_ring, okawaru_altar_gauntlet_db,
          minmay_temple_entry_drinking_statues, grunt_ministairs_12
D:5:      layout_rooms, minmay_door_square, chequers_jeans, uniq_ijyb
D:6:      layout_basic, regret_index_temple_of_mockery, kennysheep_mini,
          mainiacjoe_overflow_chevrons, mainiacjoe_overflow_boulevard,
          uniq_duvessa
D:7:      hellmonk_destroyed_diamonds, layout_loops_cross,
          nicolae_vehumet_radiance
D:8:      layout_basic, grunt_lair_entry_orc_guard_hut
D:9:      layout_long_grid, ashenzari_conservatory_becter, marbit_many_paths,
          elyvilon_altar_5, lemuel_doored_altar, uniq_maurice
D:10:     layout_loops_ring, nicolae_dithmenos_shadow_blocks, special_room
          [special_room_orc], serial_shops, nicolae_shop_waterfront
D:11:     layout_long_grid, uniq_fannar, uniq_erolcha, uniq_erica
D:12:     minmay_the_grid_octo_tiled_squarecenter_mashed
          [minmay_the_grid_octo_shrine, minmay_the_grid_octo_empty,
          minmay_the_grid_octo_checkerflower, minmay_the_grid_octo_77,
          minmay_the_grid_square_5x5_megaprize_crossed,
          minmay_the_grid_square_5x5_two_walls_a,
          minmay_the_grid_square_5x5_six, minmay_the_grid_square_5x5_spiral,
          minmay_the_grid_square_5x5_bite], layout_cross,
          nicolae_trove_entry_diagonal
D:13:     layout_loops_corners
D:14:     layout_roguey, david_vaults_4, ebering_ghost_reflecting_pool,
          uniq_josephine, uniq_rupert
D:15:     gammafunk_depths_entry_grave, layout_loops_ring, minivault_11
Lair:1:   layout_regular_city
Lair:2:   layout_regular_city, infiniplex_staircase_pool, lemuel_fruit_tree,
          serial_bayou_shore_a, uniq_gastronok
Lair:3:   layout_chaotic_city, grunt_megastairs_4
Lair:4:   cheibrodos_lair_overgrown_chateau, layout_layer_cave,
          minmay_swamp_entry_worms, dummy_spider_entry, portal_ice_cave_rime,
          st_stairs_13, grunt_megastairs_3
Lair:5:   layout_regular_city, serial_bayou_pond_d
Lair:6:   hellmonk_lair_end_abyssal_woods, layout_hall_layers,
          dpeg_slime_entry_enclosed, grunt_megastairs_1
Swamp:1:  layout_basic_swamp, serial_swamp_ruin, evilmike_swamp_ruin_house_4,
          evilmike_swamp_ruin_wall, evilmike_swamp_ruin_rubble_1, swamp_pool4
Swamp:2:  layout_basic_swamp, evilmike_swamp_ruin_house_2, swamp_pool4,
          nzn_swamp_stair_ambush
Swamp:3:  layout_basic_swamp, hangedman_swamp_ruin_hall
Swamp:4:  swamp, layout_basic_swamp, ebering_ghost_reflecting_pool
Spider:1: layout_spider_delve, nicolae_spider_bug_shape, uniq_donald
Orc:1:    layout_caves
Orc:2:    grunt_orc_community_town_hall, layout_caves,
          grunt_orc_community_big_house_2, grunt_orc_community_big_house_2,
          grunt_orc_community_house_3, grunt_orc_community_house_3,
          grunt_orc_community_house_1, grunt_orc_community_house_2,
          grunt_orc_community_house_3, basic_altar, roderic_batcave,
          statue_in_the_mist_lemuel, mines5_lemuel
Elf:1:    eino_elf_arrival_customs, layout_gridlike, serial_shops,
          nicolae_shop_hallway_plus, minmay_elf_sorcery,
          minmay_misc_feat_pillars
Elf:2:    nicolae_elf_blades_splatter_lattice [infiniplex_blade_entry_pillars],
          layout_geoelf_diagonals, serial_shops, shop, uniq_agnes
Elf:3:    grunt_elf_hall_asides, layout_loops_cross, uniq_asterion

Skill      XL: |  1  2  3  4  5  6  7  8  9 10 11 12 13 14 15 16 17 |
---------------+----------------------------------------------------+-----
Unarmed Combat | 1 2 3 4 6 8 10 11 12 13 14 | 14.5
Fighting       | 4 5 6 7 8 9 10 11 12 14 15 16 | 16.0
Invocations    | 2 4 |  4.6
Evocations     | 4 5 |  5.2
Dodging        | 4 6 9 10 11 | 11.5
Transmutations | 2 5 8 9 11 12 | 12.1
Earth Magic    | 2 5 8 9 11 | 11.6
Spellcasting   | 1 6 9 11 | 11.3
Shields        | 3 4 5 |  5.6
Poison Magic   | 2 9 |  9.7
Maces & Flails | |  3.4
Stealth        | |  1.7

Action                   |  1- 3 |  4- 6 |  7- 9 | 10-12 | 13-15 | 16-18 || total
-------------------------+-------+-------+-------+-------+-------+-------++-------
Melee: Mace              |    32 |     3 |       |       |       |       ||    35
       Tailslap          |    13 |    16 |    87 |   150 |   278 |    89 ||   633
       Punch             |     1 |     3 |    28 |    21 |       |       ||    53
       Unarmed           |    46 |       |   324 |   804 |  1240 |   599 ||  3013
       Short sword       |    35 |    99 |   111 |       |       |       ||   245
       Kick              |       |       |       |       |    22 |   211 ||   233
 Cast: Statue Form       |       |       |       |       |    92 |    59 ||   151
       Lee's Rapid Decon |       |       |       |       |     2 |       ||     2
       Eringya's Noxious |       |       |       |       |     1 |    30 ||    31
Invok: Heroism           |       |       |     8 |    10 |     4 |     5 ||    27
       Finesse           |       |       |       |     1 |     3 |     1 ||     5
 Abil: Breathe Dispellin |       |       |     7 |     3 |       |       ||    10
Evoke: Wand              |       |       |     6 |    15 |    11 |    10 ||    42
       Lightning rod     |       |       |       |     7 |     8 |       ||    15
       Phial of floods   |       |       |       |     1 |     1 |     1 ||     3
  Use: Scroll            |     1 |     4 |     7 |    16 |    10 |    15 ||    53
       Potion            |       |       |     1 |     4 |     1 |     6 ||    12
 Stab: Sleeping          |     2 |     5 |     3 |       |     3 |     1 ||    14
       Distracted        |     1 |       |       |       |     2 |     1 ||     4
       Invisible         |       |       |       |     4 |       |     1 ||     5
Armor: Skin              |    34 |    36 |   125 |   307 |   986 |   471 ||  1959
Dodge: Dodged            |    80 |    80 |   274 |   475 |  1226 |   773 ||  2908
Block: Buckler           |       |       |       |       |   421 |   242 ||   663

Table legend: (Time is in decaauts)
 A = Elapsed time spent in this place.
 B = Non-inter-level travel time spent in this place.
 C = Inter-level travel time spent in this place.
 D = Time resting spent in this place.
 E = Time spent auto-exploring this place.
 F = Levels seen in this place.
 G = Mean time per level.
                   A        B        C        D        E       F      G
               +--------+--------+--------+--------+--------+-----+--------+
         Total |  42457 |  40767 |   1690 |   2648 |  30592 |  33 | 1286.6 |
       Dungeon |  20532 |  19658 |    874 |    828 |  15418 |  15 | 1368.8 |
          Lair |  10319 |   9816 |    503 |    579 |   7751 |   6 | 1719.8 |
         Swamp |   3411 |   3335 |     76 |    151 |   2399 |   4 |  852.8 |
   Spider Nest |   1632 |   1604 |     28 |      0 |   1346 |   1 | 1632.0 |
  Orcish Mines |   1788 |   1733 |     55 |      0 |   1192 |   2 |  894.0 |
   Elven Halls |   2846 |   2694 |    152 |    167 |   1941 |   3 |  948.7 |
         Trove |    113 |    113 |      0 |      0 |     50 |   1 |  113.0 |
      Ice Cave |   1812 |   1812 |      0 |    922 |    493 |   1 | 1812.0 |
               +--------+--------+--------+--------+--------+-----+--------+

Top non-repeatable levels by time:
  Lair:4: 2549 daAuts
  Lair:6: 2398 daAuts
    D:10: 1966 daAuts
     D:6: 1949 daAuts
  Lair:2: 1887 daAuts
   IceCv: 1812 daAuts
    D:15: 1680 daAuts
    D:14: 1670 daAuts
    D:11: 1668 daAuts
Spider:1: 1632 daAuts
     D:3: 1503 daAuts
    D:13: 1426 daAuts
   Orc:2: 1386 daAuts
  Lair:3: 1300 daAuts
 Swamp:3: 1281 daAuts
